[Event "*** Titled Tuesday Blitz"]
[Site "Chess.com"]
[Date "2021.02.02"]
[Round "10"]
[White "MPGM"]
[Black "Rsnr"]
[Result "1/2-1/2"]
[WhiteElo "2606"]
[BlackElo "2771"]
[TimeControl "180+1"]
[EndTime "11:56:29 PST"]
[Termination "Game drawn by agreement"]

1. c4 c6 2. d4 d5 3. Nf3 Nf6 4. g3 Bf5 5. Nc3 e6 6. Nh4 Be4 7. f3 Bg6 8. e3 Nbd7 9. Nxg6 hxg6 10. Qd3 Be7 11. Bg2 a6 12. Bd2 b5 13. cxd5 cxd5 14. O-O O-O 15. a4 b4 16. Ne2 Qb6 17. b3 Rfc8 18. Rac1 Ne8 19. Rxc8 Rxc8 20. Rc1 Rxc1+ 21. Nxc1 Nd6 22. Bf1 a5 23. Qc2 e5 24. dxe5 Nxe5 25. Kg2 Nf5 26. Nd3 Nxe3+ 27. Bxe3 Qxe3 28. Nxe5 Qxe5 29.
Qe2 Qf6 30. f4 g5 31. fxg5 Qxg5 32. Qd3 Bf6 33. Be2 Qe5 34. Bf3 Qb2+ 35. Kh3 d4 36. Bd5 Qf2 37. Qf3 Qxf3 38. Bxf3 Kf8 39. Kg4 Ke7 40.
Kf5 Kd6 41. Ke4 Be5 42. Be2 g6 43. Bc4 f5+ 44. Kd3 Ke7 45. Ke2 Kf6 46. Kf3 g5 47. g4 Bxh2 48. Bd3 fxg4+ 49. Kxg4 Bf4 50. Kf3 Ke5 51. Kg4 Bc1 52. Bc2 Kf6 53. Bd3 Bf4 54. Bc2 Ke6 55. Bd3 Kd5 56. Bc2 Bd2 57. Bd3 Be3 58. Bc2 d3 59. Bxd3 Kd4 60. Bc4 Bf4 61. Bg8 Kc3 62. Bf7 Kd4 1/2-1/2

[Event "*** Titled Tuesday Blitz"]
[Site "Chess.com"]
[Date "2021.02.02"]
[Round "10"]
[White "Zmeeed63"]
[Black "MilosJi"]
[Result "1-0"]
[WhiteElo "2425"]
[BlackElo "2655"]
[TimeControl "180+1"]
[EndTime "11:56:29 PST"]
[Termination "Zmeeed63 won by resignation"]

1. d4 d5 2. c4 e6 3. Nc3 Nf6 4. cxd5 exd5 5. Bg5 c6 6. e3 Bf5 7. Qf3 Bg6 8. Bxf6 Qxf6 9. Qxf6 gxf6 10. h4 h5 11. Nge2 Nd7 12. Ng3 Nb6 13. Be2 Nc8 14.
f4 Nd6 15. O-O f5 16. Nh1 Be7 17. g3 Kd7 18. Nf2 Rag8 19. Kh2 f6 20. Rac1 Ne4 21. Bd3 Bf7 22. Bxe4 fxe4 23. Na4 b6 24. Rc2 Rc8 25. Rfc1 Be6 26. a3 Rc7 27. Nd1 Kd6 28. Ndc3 Bd8 29. b4 Bc8 30. b5 Bd7 31. bxc6 Bxc6 32. Nb2 Rhh7 33. Nbd1 Be8 34. Kg2 Rc4 35. Kf2 Rg7 36. Nxe4+ Ke6 37. Rxc4 dxc4 38. Rxc4 Be7 39. Ndc3 Bxa3 40.
d5+ Kf5 41. Nd6+ Kg4 42. Nxe8 Rf7 43. d6 Kh3 44. Rc7 Rf8 45. d7 Rxe8 46. dxe8=Q Kh2 47. Qe6 1-0

[Event "*** Titled Tuesday Blitz"]
[Site "Chess.com"]
[Date "2021.02.02"]
[Round "10"]
[White "wnstop"]
[Black "bazar-wokzal"]
[Result "1/2-1/2"]
[WhiteElo "2728"]
[BlackElo "2534"]
[TimeControl "180+1"]
[EndTime "11:56:29 PST"]
[Termination "Game drawn - insufficient material"]

1. e4 Nc6 2. d4 d5 3. Nc3 Nf6 4.
e5 Nd7 5. Nxd5 Ndb8 6. Ne3 Qxd4 7. Qxd4 Nxd4 8. c3 Nf5 9. Bd3 Nxe3 10. Bxe3 Nc6 11. f4 e6 12. Nf3 Bd7 13. Be4 Be7 14. O-O-O O-O-O 15. g4 a6 16. Kc2 Na5 17. Nd4 c5 18.
Ne2 Bc6 19. Ng3 Kc7 20. b3 b5 21. Bxc6 Kxc6 22. Ne4 Nb7 23. c4 Rxd1 24. Rxd1 Rd8 25. Rxd8 Nxd8 26. Kd3 f5 27. exf6 gxf6 28. Ng3 Nf7 29.
h4 Nh6 30. g5 Nf5 31. Nxf5 exf5 32. h5 fxg5 33. fxg5 Bf8 34. Ke2 Kd6 35. cxb5 axb5 36. a4 c4 37. axb5 cxb3 38. Kd2 Bg7 39. Kc1 Kd5 40.
Kb1 Be5 41. g6 hxg6 42. hxg6 Bg7 43. Bc1 Kc5 44. Bb2 Bh6 45. g7 Bxg7 46. Bxg7 Kxb5 47.
Bh6 Kc4 48. Kb2 Kd3 49. Kxb3 f4 50. Bxf4 1/2-1/2

[Event "*** Titled Tuesday Blitz"]
[Site "Chess.com"]
[Date "2021.02.02"]
[Round "10"]
[White "isla88"]
[Black "The_filthy"]
[Result "0-1"]
[WhiteElo "2299"]
[BlackElo "2235"]
[TimeControl "180+1"]
[EndTime "11:56:32 PST"]
[Termination "The_filthy won on time"]

1. d4 d5 2. Nc3 e6 3. Bf4 Nf6 4. Nf3 Bb4 5. a3 Bd6 6. Ne5 O-O 7. e3 c5 8. dxc5 Bxc5 9. b4 Bd6 10. Bd3 Nc6 11.
Nxc6 bxc6 12. Bg5 e5 13. e4 h6 14. Bxf6 Qxf6 15. exd5 e4 16. Nxe4 Re8 17. Kf1 Qe5 18.
dxc6 Bc7 19. c3 f5 20. Bc4+ Kh8 21. Nc5 Qxc3 22. Rc1 Qxa3 23. g3 Qxb4 24. Qd5 f4 25. Kg2 f3+ 26. Kxf3 Bh3 27. Nd7 Rf8+ 28. Nxf8 Rxf8+ 29. Ke2 Qb2+ 30. Ke3 Qxf2+ 31. Kd3 Rf3+ 32. Qxf3 Qxf3+ 33. Kc2 Bf5+ 34. Kb2 Be5+ 35. Ka2 Qf2+ 36. Kb3 Qb2+ 37.
Ka4 Bd6 38. Bb3 Qd4+ 39. Rc4 Qb6 40. Bd1 Be6 0-1

[Event "*** Titled Tuesday Blitz"]
[Site "Chess.com"]
[Date "2021.02.02"]
[Round "10"]
[White "DanilNajdin"]
[Black "Rogarcia1"]
[Result "1-0"]
[WhiteElo "2471"]
[BlackElo "2290"]
[TimeControl "180+1"]
[EndTime "11:56:33 PST"]
[Termination "DanilNajdin won by resignation"]

1. e4 c5 2. Nf3 Nc6 3. d4 cxd4 4.
Nxd4 Nf6 5. Nc3 e6 6. Nxc6 bxc6 7. Bd3 d5 8. O-O Be7 9. b3 O-O 10. Bb2 a5 11. Qe2 c5 12. Rad1 Bb7 13. Kh1 d4 14. Nb1 a4 15. Nd2 Nd7 16. Nc4 Qc7 17. f4 e5 18. Bc1 f6 19. Qg4 Kh8 20. Nd2 f5 21. exf5 Nf6 22. Qe2 exf4 23. Ne4 Nd5 24. Qh5 Qd7 25. f6 g6 26. Qe5 Nxf6 27. Bxf4 Rae8 28. Bg5 Kg7 29. Nxc5 Qd5 30. Ne6+ Kg8 31. Qxd5 Bxd5 32. Nxf8 Rxf8 33. Rde1 Bd8 34. Bc4 Bxc4 35. bxc4 Kg7 36. Re6 h6 37. Bxf6+ Bxf6 38. g3 g5 39. Kg2 Rf7 40. c5 g4 41. c6 Bg5 42.
Rxf7+ Kxf7 43. c7 1-0

[Event "*** Titled Tuesday Blitz"]
[Site "Chess.com"]
[Date "2021.02.02"]
[Round "10"]
[White "oogee"]
[Black "Grieve72"]
[Result "1-0"]
[WhiteElo "2358"]
[BlackElo "2478"]
[TimeControl "180+1"]
[EndTime "11:56:33 PST"]
[Termination "oogee won by checkmate"]

1. d4 f5 2. g3 Nf6 3. Bg2 g6 4. Nf3 Bg7 5. O-O O-O 6. b3 d6 7. Bb2 Ne4 8. Nfd2 d5 9. f3 Nd6 10. c4 c5 11. e3 dxc4 12. bxc4 Nc6 13. Nb3 Nxc4 14. Nxc5 Nxb2 15. Qb3+ Kh8 16. Qxb2 Nxd4 17. Nc3 Qa5 18. exd4 Bxd4+ 19. Kh1 Bxc3 20. Qf2 Bxa1 21. Rxa1 Qc3 22. Nb3 Be6 23. Rc1 Qf6 24. Nd4 Rac8 25. Re1 Bd5 26. Qe3 Rfd8 27. Nb5 a6 28. Nd4 Bxa2 29.
Ne2 Bc4 30. Nf4 e5 31. Nh3 Kg7 32. Nf2 Rd7 33. h4 b5 34. h5 g5 35. Bh3 Be6 36.
Nd3 f4 37. Qe4 Bxh3 38. Nxe5 Re7 39. Qd4 Rce8 40. h6+ Kxh6 41. Ng4+ Kg6 42. Qxf6+ Kh5 43. Qh6# 1-0

[Event "*** Titled Tuesday Blitz"]
[Site "Chess.com"]
[Date "2021.02.02"]
[Round "10"]
[White "profofchess"]
[Black "Matols"]
[Result "1/2-1/2"]
[WhiteElo "2377"]
[BlackElo "2276"]
[TimeControl "180+1"]
[EndTime "11:56:33 PST"]
[Termination "Game drawn by repetition"]

1. e4 e6 2. d4 d5 3. Nc3 Nf6 4.
Bg5 Bb4 5. e5 h6 6. Be3 Ne4 7.
Qg4 g6 8. a3 Bxc3+ 9. bxc3 c5 10. Bd3 h5 11. Qh3 Nxc3 12. dxc5 d4 13. Bd2 Na4 14. Nf3 Nxc5 15. O-O Nc6 16. Bg5 Qa5 17. Bf6 Rg8 18. Ng5 Nxd3 19. Qxd3 Qd5 20. f4 Bd7 21. Ne4 Ne7 22. Nd6+ Kf8 23. Qg3 Bc6 24. Qg5 Nf5 25. Rf2 a5 26. Re1 a4 27. Nxf5 exf5 28.
Qh6+ Ke8 29. e6 Rf8 30. e7 Rg8 31. Qh7 Kd7 32. h3 Rge8 33. Qh6 Ra6 34. Qg5 Rb6 35. Qg3 Rb2 36. Qd3 Kc8 37. Qd2 Ra2 38. Qd3 Bb5 39.
Qg3 Bc6 40. Qd3 Bb5 41. Qg3 Bc4 42. Qh4 Bb5 43. Qg3 1/2-1/2

[Event "*** Titled Tuesday Blitz"]
[Site "Chess.com"]
[Date "2021.02.02"]
[Round "10"]
[White "Saxar85"]
[Black "Volodar_Murzin"]
[Result "1-0"]
[WhiteElo "2790"]
[BlackElo "2618"]
[TimeControl "180+1"]
[EndTime "11:56:34 PST"]
[Termination "Saxar85 won on time"]

1. Nf3 Nf6 2. g3 g6 3. b3 Bg7 4.
Bb2 O-O 5. Bg2 d6 6. d4 e5 7.
dxe5 Ng4 8. O-O Nc6 9. c4 Re8 10. Nc3 Ncxe5 11. Nxe5 Bxe5 12. Qd2 Bg7 13. h3 Ne5 14. Rad1 h5 15. f4 Nc6 16. e4 Be6 17.
f5 Bd7 18. Nd5 Ne5 19. Rf2 Bc6 20. f6 Bf8 21. Qg5 Bxd5 22. exd5 Kh7 23. Bc1 Nd7 24.
g4 Re5 25. Qh4 Bh6 26. g5 Bf8 27. Bf4 Qe8 28. Bf3 Re1+ 29. Rf1 Rxd1 30. Rxd1 Ne5 31. Be2 Qd7 32. Bxe5 dxe5 33. Bd3 Kg8 34. Be4 Bc5+ 35. Kg2 Be3 36. Bxg6 fxg6 37. Qe4 Bxg5 38. Qxg6+ Kh8 39. f7 Qe7 40. Rf1 Rf8 41. Rf5 Qd6 42. Qxg5 Kh7 43. Qxh5+ 1-0

[Event "*** Titled Tuesday Blitz"]
[Site "Chess.com"]
[Date "2021.02.02"]
[Round "10"]
[White "NaciSAN"]
[Black "karinachess1"]
[Result "1/2-1/2"]
[WhiteElo "2323"]
[BlackElo "2471"]
[TimeControl "180+1"]
[EndTime "11:56:34 PST"]
[Termination "Game drawn by repetition"]

1. e4 c5 2. Nf3 e6 3. g3 Nc6 4. Bg2 Nf6 5. Nc3 d6 6. O-O Be7 7. Re1 O-O 8. e5 Nxe5 9. Nxe5 dxe5 10. Rxe5 Qc7 11. Re1 Bd7 12. d3 Bc6 13. Bf4 Qd7 14.
Ne4 Rfd8 15. b3 Rac8 16. Nxf6+ Bxf6 17. Be5 Bxe5 18. Rxe5 Qd4 19. Re1 g6 20. Bxc6 Rxc6 21. Qf3 h5 22. h4 Kg7 23. Qe4 Rc7 24. Qe5+ Qxe5 25. Rxe5 Rd5 26. Rae1 Rxe5 27. Rxe5 Kf6 28. f4 Ke7 29. Kf2 Kd6 30. Ke2 f6 31. Re4 e5 32.
fxe5+ fxe5 33. Re3 Rf7 34. Rf3 Rf5 35. Ke3 Kd5 36.
c3 b6 37. a3 a5 38. a4 Kd6 39. Ke4 Ke6 40. Ke3 Kd5 41. c4+ Kd6 42. Ke4 Ke6 43. Ke3 Rxf3+ 44. Kxf3 Kf5 45. Ke3 Kg4 46. Kf2 g5 47. hxg5 Kxg5 48. Kf3 Kf5 49. Ke3 Kg4 50.
Kf2 Kg5 51. Kf3 Kf5 52. Ke3 Kg4 53. Kf2 Kg5 1/2-1/2

[Event "*** Titled Tuesday Blitz"]
[Site "Chess.com"]
[Date "2021.02.02"]
[Round "10"]
[White "Smirnov_Pavel"]
[Black "Rud_Makarian"]
[Result "1-0"]
[WhiteElo "2904"]
[BlackElo "2913"]
[TimeControl "180+1"]
[EndTime "11:56:35 PST"]
[Termination "Smirnov_Pavel won by resignation"]

1. d4 Nf6 2. c4 e6 3. Nf3 b6 4. g3 Bb7 5. Bg2 Be7 6. O-O O-O 7. Nc3 Ne4 8. Bd2 Bf6 9. Ne5 Nxc3 10. Bxc3 Bxg2 11.
Kxg2 Bxe5 12. dxe5 Nc6 13. Qd3 Qe7 14. Rad1 Rad8 15.
Qe4 Qc5 16. Rd2 d5 17. exd6 cxd6 18. Rfd1 Rfe8 19. Qf4 e5 20. Qe4 Ne7 21. b3 f6 22. h3 Rd7 23. Qf3 Red8 24. e4 b5 25.
Ba5 Rc8 26. Qg4 f5 27. exf5 bxc4 28. f6 Qc6+ 29. Kh2 Ng6 30. Rxd6 Rxd6 31. Rxd6 Qxd6 32. Qxc8+ Kf7 33. fxg7 Kxg7 34. Qxc4 h5 35. h4 Qf6 36. Kg2 Qf5 37. Bd2 e4 38. Qd4+ Kf7 39. Bg5 Ne5 40. Qxa7+ Kg6 41. Qb6+ Kf7 42. Qe3 Kg6 43. Qf4 Qe6 44.
Qxe4+ Kg7 45. Bf4 1-0

[Event "*** Titled Tuesday Blitz"]
[Site "Chess.com"]
[Date "2021.02.02"]
[Round "10"]
[White "1977Ivan"]
[Black "Grimlock_Glasgow"]
[Result "1-0"]
[WhiteElo "2692"]
[BlackElo "2484"]
[TimeControl "180+1"]
[EndTime "11:56:35 PST"]
[Termination "1977Ivan won by resignation"]

1. d4 e6 2. e4 d5 3. Nc3 Nf6 4. Bd3 c5 5. exd5 cxd4 6. Nb5 Nxd5 7.
Nxd4 Nb4 8. Bb5+ Bd7 9. a3 Bxb5 10.
Nxb5 Qxd1+ 11. Kxd1 N4a6 12. Be3 Nc6 13. Nf3 O-O-O+ 14. Ke2 Bc5 15. b4 Bxe3 16. Kxe3 Nc7 17. Nxc7 Kxc7 18.
Rhd1 f6 19. c4 e5 20. c5 Ne7 21. Ke4 g6 22. Rac1 Rhe8 23. g4 Kc6 24. a4 a6 25.
Rxd8 Rxd8 26. g5 Nd5 27. gxf6 Nxf6+ 28. Kxe5 Ng4+ 29. Ke6 Nxf2 30. Ne5+ Kc7 31. Ke7 Nd3 32. Nxd3 Rxd3 33. b5 axb5 34. axb5 Re3+ 35. Kf6 Re2 36. h4 Rf2+ 37. Kg7 Rh2 38. Rc4 Rb2 39. b6+ Kc6 40. Kxh7 Rg2 41. Kh6 Kb5 42. c6 Kxb6 43. c7 1-0

[Event "*** Titled Tuesday Blitz"]
[Site "Chess.com"]
[Date "2021.02.02"]
[Round "10"]
[White "Kapitan_Bayan"]
[Black "IMAghasiyevKamal"]
[Result "1-0"]
[WhiteElo "2457"]
[BlackElo "2568"]
[TimeControl "180+1"]
[EndTime "11:56:35 PST"]
[Termination "Kapitan_Bayan won by resignation"]

1. d4 d5 2. c4 e6 3. Nc3 Nf6 4. Nf3 Be7 5. Bf4 O-O 6. e3 b6 7.
cxd5 Nxd5 8. Nxd5 Qxd5 9. Bd3 c5 10. e4 Qh5 11. d5 exd5 12. exd5 Bb7 13. Ne5 Qh4 14. g3 Qh3 15. Qf3 Nd7 16. O-O-O Nxe5 17.
Bxe5 Rad8 18. Be4 Rfe8 19. Rhe1 Rf8 20. Bc7 Rd7 21. d6 Bxe4 22. Qxe4 Bf6 23. Kb1 Qh5 24. Re2 Qg6 25. Rde1 Qxe4+ 26. Rxe4 g6 27. Re8 Kg7 28. Kc2 Bd4 29. f4 h5 30. Kd3 b5 31.
Rxf8 Kxf8 32. Ke4 Bxb2 33. Kd5 c4 34. Kc6 c3 35. Kxd7 c2 36. Kc8 c1=Q 37. Rxc1 Bxc1 38. d7 1-0

[Event "*** Titled Tuesday Blitz"]
[Site "Chess.com"]
[Date "2021.02.02"]
[Round "10"]
[White "Firstov"]
[Black "gumimis"]
[Result "1-0"]
[WhiteElo "2473"]
[BlackElo "2324"]
[TimeControl "180+1"]
[EndTime "11:56:35 PST"]
[Termination "Firstov won by checkmate"]

1. b3 c5 2. Bb2 Nc6 3. e3 e5 4.
Bb5 Qc7 5. Bxc6 bxc6 6. d3 d5 7. e4 Nf6 8. Nd2 Bd6 9. Ngf3 O-O 10. h3 Ba6 11. c4 Rae8 12. O-O Nh5 13. g3 Bc8 14.
Kg2 f5 15. exf5 Bxf5 16. Ne1 Nf6 17. Ndf3 Qd7 18. Ng1 e4 19. dxe4 Bxe4+ 20. f3 Bf5 21. Bxf6 Rxf6 22. cxd5 Be5 23. Rc1 cxd5 24. Rxc5 d4 25.
Nd3 Bd6 26. Rc4 Bc7 27. Nf2 Bb6 28. Ne2 d3 29. Nf4 Bxf2 30. Rxf2 g5 31. Nh5 Bxh3+ 32.
Kh2 Rh6 33. g4 Re2 34. Rxe2 dxe2 35. Qxd7 e1=Q 36. Qg7# 1-0

[Event "*** Titled Tuesday Blitz"]
[Site "Chess.com"]
[Date "2021.02.02"]
[Round "10"]
[White "Tpros"]
[Black "paulrusan"]
[Result "1-0"]
[WhiteElo "2476"]
[BlackElo "2258"]
[TimeControl "180+1"]
[EndTime "11:56:35 PST"]
[Termination "Tpros won on time"]

1. d4 Nf6 2. c4 g6 3. a3 Bg7 4. Nc3 O-O 5. Bg5 d6 6. f3 h6 7.
Bh4 e5 8. e3 exd4 9. exd4 Re8+ 10. Be2 Nc6 11. d5 Ne5 12. Kf1 g5 13. Bf2 Nh5 14. g3 c5 15. Kg2 Nf6 16. h3 a6 17.
a4 Qa5 18. Ra3 Bd7 19. g4 Ng6 20. Bg3 Nf4+ 21. Bxf4 gxf4 22. h4 Re3 23. Nh3 Rae8 24. Nxf4 Nh7 25. Bd3 Be5 26. Nh5 f5 27. Qc2 Rxd3 28.
Qxd3 fxg4 29. fxg4 Bxg4 30. Qg6+ Kf8 31. Rf1+ Ke7 32.
Rf7+ Kd8 33. Qxg4 Nf8 34. Rb3 b5 35. Rb7 b4 36. Rb8+ Ke7 37. Rxe8+ Kxe8 38. Ne2 1-0

[Event "*** Titled Tuesday Blitz"]
[Site "Chess.com"]
[Date "2021.02.02"]
[Round "10"]
[White "Margency"]
[Black "serhanberat_ozdemir"]
[Result "1-0"]
[WhiteElo "2644"]
[BlackElo "2452"]
[TimeControl "180+1"]
[EndTime "11:56:36 PST"]
[Termination "Margency won on time"]

1. e4 c5 2. Nf3 e6 3. d4 cxd4 4. Nxd4 a6 5. Bd3 Bc5 6. Nb3 Ba7 7. Qe2 Nc6 8. Nc3 Qc7 9. Be3 Nf6 10. O-O-O b5 11. f4 b4 12. Nd5 exd5 13. exd5 O-O 14. Bxa7 Nxa7 15. d6 Qb6 16. g4 Bb7 17. Rhe1 Rfe8 18.
Qd2 Bf3 19. Rxe8+ Rxe8 20. Re1 Rxe1+ 21. Qxe1 Qxd6 22. Qe3 Bxg4 23. Qxa7 Qxf4+ 24. Kb1 g6 25. Qxa6 d6 26. a4 bxa3 27. bxa3 Qxh2 28. a4 h5 29. a5 Qe5 30. Qb6 Kg7 31. a6 Nd5 32. Qb7 Nc3+ 33. Kc1 Na2+ 34. Kd2 Qc3+ 35. Ke3 Qe1+ 36. Kd4 Qe5+ 37.
Kc4 Qc3+ 38. Kb5 Qb4+ 39. Kc6 Qa4+ 40. Kc7 Qa5+ 41. Kxd6 1-0

[Event "*** Titled Tuesday Blitz"]
[Site "Chess.com"]
[Date "2021.02.02"]
[Round "10"]
[White "NMJeevanK"]
[Black "KubaGepard"]
[Result "1/2-1/2"]
[WhiteElo "2515"]
[BlackElo "2357"]
[TimeControl "180+1"]
[EndTime "11:56:36 PST"]
[Termination "Game drawn by repetition"]

1. e4 c5 2. Nf3 d6 3. Bb5+ Nd7 4. d4 cxd4 5. Nxd4 a6 6. Bxd7+ Bxd7 7. c4 Rc8 8. b3 Nf6 9. Nc3 b5 10. O-O bxc4 11.
Be3 e5 12. Nf5 Bxf5 13. exf5 d5 14. Bg5 d4 15. Ne4 c3 16. f4 Be7 17. Bxf6 Bxf6 18. Qd3 O-O 19. fxe5 Bxe5 20. f6 g6 21. Qh3 d3 22. Qh6 Qd4+ 23. Kh1 Bxf6 24. Nxf6+ Qxf6 25. Rxf6 d2 26. Rff1 Rfd8 27. Qf4 c2 28. h4 d1=Q 29.
Qxf7+ Kh8 30. Qf6+ Kg8 31. Qe6+ Kh8 32. Raxd1 cxd1=Q 33. Rxd1 Rxd1+ 34. Kh2 Rcd8 35. Qxa6 R1d4 36.
g3 Kg7 37. Kh3 h5 38. Qe2 Rd1 39. Qe7+ Kh6 40. Qg5+ Kg7 41. Qe7+ Kg8 42. Qe6+ Kh7 43. Qe7+ Kh6 44. Qg5+ Kh7 45. Qe7+ Kg8 46. Qe6+ Kh7 47.
Qe7+ 1/2-1/2

[Event "*** Titled Tuesday Blitz"]
[Site "Chess.com"]
[Date "2021.02.02"]
[Round "10"]
[White "Chamal_Gedgafov"]
[Black "KarateBaby"]
[Result "1-0"]
[WhiteElo "2345"]
[BlackElo "2209"]
[TimeControl "180+1"]
[EndTime "11:56:36 PST"]
[Termination "Chamal_Gedgafov won by resignation"]

1. e4 g6 2. d4 Bg7 3. Nc3 d6 4. Bg5 a6 5. Qd2 b5 6. f4 Bb7 7. Nf3 Nd7 8. Bd3 c5 9. dxc5 Nxc5 10. O-O h6 11. Bh4 Nf6 12. Rae1 O-O 13. a3 Rc8 14.
Kh1 Re8 15. e5 dxe5 16. fxe5 Nd5 17. Ne4 Nxd3 18. cxd3 Qd7 19. d4 Nb6 20. Nc5 Qd5 21. Nxb7 Qxb7 22. e6 f5 23. Ne5 Nc4 24. Nxc4 Rxc4 25. Bf2 Rd8 26. Rc1 Qd5 27. Qa5 Bxd4 28.
Rxc4 bxc4 29. Qxd5 Rxd5 30. Rd1 Re5 31. Bxd4 Rxe6 32. Kg1 Re2 33. Bc3 Kf7 34. Rd4 Re4 35. Rxe4 fxe4 36. Kf2 Ke6 37. Ke3 Kd5 38. Bg7 h5 39. h4 a5 40. g3 a4 41. Bc3 e6 42.
Bb4 Ke5 43. Be7 Kf5 44. Bd6 e5 45. Bc7 Kg4 46. Bxe5 Kf5 47. Bf4 Kg4 48. Kxe4 Kh3 49. Kd4 c3 50. bxc3 1-0

[Event "*** Titled Tuesday Blitz"]
[Site "Chess.com"]
[Date "2021.02.02"]
[Round "10"]
[White "JoachimMouhamad"]
[Black "TimKett"]
[Result "0-1"]
[WhiteElo "2289"]
[BlackElo "2201"]
[TimeControl "180+1"]
[EndTime "11:56:37 PST"]
[Termination "TimKett won by resignation"]

1. e4 e5 2. Nf3 Nc6 3. Bc4 Nf6 4. d3 Bc5 5. O-O d6 6. c3 a6 7. Bb3 Ba7 8. Nbd2 Ne7 9. a4 Ng6 10. Re1 O-O 11. Nf1 Kh8 12. Ng3 Ng4 13. Re2 f5 14. Nxf5 Bxf5 15. exf5 Rxf5 16. Be6 Nxf2 17. Rxf2 Rf6 18. Bh3 Bxf2+ 19. Kxf2 Nh4 20. Kg1 Nxf3+ 21. gxf3 Rg6+ 22. Kh1 Qh4 23. Qf1 Rf8 24. Be3 Rgf6 25. Bg2 d5 26. Qf2 Qxf2 27. Bxf2 e4 28. dxe4 dxe4 29.
Bd4 exf3 30. Bxf6 fxg2+ 31. Kxg2 Rxf6 32. Rd1 h6 33. Rd7 Rb6 34. b4 Rc6 35. Rd3 Kh7 36.
Kf3 Kg6 37. Ke4 Kf6 38. h4 g5 39. hxg5+ hxg5 40. Rf3+ Kg6 41. Rd3 g4 42. Kf4 Rc4+ 43. Kg3 c6 44. a5 Kf5 45. Kg2 Kf4 46. Rd7 Rxc3 47. Rxb7 Rc2+ 48. Kf1 Rb2 49. Rb6 Kf3 50. Ke1 g3 51. Rxc6 Rb1+ 52. Kd2 g2 53. Rf6+ Ke4 54. Rg6 g1=Q 55. Rxg1 Rxg1 56. Kc3 0-1

[Event "*** Titled Tuesday Blitz"]
[Site "Chess.com"]
[Date "2021.02.02"]
[Round "10"]
[White "Piotrek1979"]
[Black "Katheksis"]
[Result "0-1"]
[WhiteElo "2352"]
[BlackElo "2531"]
[TimeControl "180+1"]
[EndTime "11:56:39 PST"]
[Termination "Katheksis won on time"]

1. e4 c5 2. Nf3 g6 3. d4 cxd4 4. Nxd4 Bg7 5. Nc3 Nc6 6. Be3 Nf6 7. Bc4 O-O 8. Bb3 Re8 9. O-O d6 10. h3 Bd7 11. f4 Rc8 12. Nf3 Rf8 13. g4 Na5 14. e5 Ne8 15. Bxa7 b6 16. Nd5 Rc6 17. Nd4 dxe5 18. Nxc6 Bxc6 19. Bxb6 Qa8 20. Bxa5 Qxa5 21.
Nxe7+ Kh8 22. Nxc6 Qc5+ 23. Rf2 Qxc6 24. Qd5 Qb6 25.
fxe5 Nc7 26. Qd6 Qa7 27. Kg2 Nb5 28. Qd5 Nd4 29. Rd1 Ne6 30. Rdd2 Qe3 31. Rde2 Nf4+ 32. Rxf4 Qxf4 33. Rf2 Qxe5 34. Qxe5 Bxe5 35. c3 f5 36. gxf5 gxf5 37. Kf3 Kg7 38. Rd2 Kf6 39. Rd7 Rb8 40.
Rf7+ Kg6 41. Ra7 Rd8 42. Ke2 Bf4 43. Kf3 Bg5 44. h4 Rd3+ 45. Kf2 Bxh4+ 0-1

[Event "*** Titled Tuesday Blitz"]
[Site "Chess.com"]
[Date "2021.02.02"]
[Round "10"]
[White "LamaChampetre"]
[Black "kai_nov"]
[Result "0-1"]
[WhiteElo "2230"]
[BlackElo "2394"]
[TimeControl "180+1"]
[EndTime "11:56:39 PST"]
[Termination "kai_nov won by resignation"]

1. d4 d5 2. c4 e6 3. Nf3 c6 4. g3 dxc4 5. Bg2 b5 6. a4 Bb7 7. O-O Nd7 8. Nc3 a6 9. e4 h6 10.
d5 e5 11. dxc6 Bxc6 12. axb5 axb5 13. Rxa8 Qxa8 14. Nd5 Qb7 15. Be3 Bxd5 16. exd5 Ngf6 17. Nd2 Bd6 18. f4 O-O 19. Nb1 exf4 20. Bxf4 Bxf4 21. Rxf4 Re8 22. Nc3 Qb6+ 23. Kh1 Ne5 24. Ne4 Nfg4 25.
d6 Ne3 26. Qh5 Nxg2 27. Kxg2 Qc6 28. d7 Qxd7 29. Kg1 Nd3 30. Qf3 Nxf4 31. Qxf4 Qd4+ 32. Nf2 Qxf4 33. gxf4 Re2 34. Kg2 Rxb2 35. Kf3 Rxf2+ 36. Kxf2 b4 37. Ke3 b3 38. Kd2 b2 39. Kc2 c3 40. h4 f5 41. h5 Kf7 42.
Kb1 g6 43. Kc2 gxh5 44. Kb1 h4 45. Kc2 0-1

[Event "*** Titled Tuesday Blitz"]
[Site "Chess.com"]
[Date "2021.02.02"]
[Round "10"]
[White "PotapovaM"]
[Black "Gabrielian_Artur"]
[Result "0-1"]
[WhiteElo "2654"]
[BlackElo "2793"]
[TimeControl "180+1"]
[EndTime "11:56:40 PST"]
[Termination "Gabrielian_Artur won on time"]

1. d4 Nf6 2. c4 e6 3. Nc3 Bb4 4. Qc2 c5 5. dxc5 O-O 6. Nf3 Na6 7.
a3 Bxc3+ 8. Qxc3 Nxc5 9. b4 Nce4 10. Qc2 d5 11. e3 a5 12. b5 Ng4 13. Bd3 Ngxf2 14.
O-O Nxd3 15. Qxd3 b6 16. cxd5 Qxd5 17. Qxd5 exd5 18. Bb2 Bd7 19. Nd4 Rac8 20. Rac1 Nd2 21. Rxc8 Rxc8 22. Re1 Nc4 23. Bc1 Nd6 24. Bd2 Ne4 25.
Bc1 a4 26. h3 f6 27. g4 Kf7 28.
Kg2 Rc5 29. Kf3 g6 30. h4 Bxb5 31. h5 Bd7 32. hxg6+ hxg6 33. Rh1 Bxg4+ 34. Kg2 Bh5 35. Bb2 Rc4 36. Rf1 b5 37. Kh3 b4 38. axb4 Rxb4 39.
Ba3 Rb7 40. Rc1 g5 41. Rc8 Rb1 42. Rf8+ Kg6 43. Rg8+ Kh7 44. Rc8 Re1 45. Nf5 Bf3 46. Rc7+ Kg6 47. Ne7+ Kh5 0-1

[Event "*** Titled Tuesday Blitz"]
[Site "Chess.com"]
[Date "2021.02.02"]
[Round "10"]
[White "Eloist"]
[Black "gilbert_gm"]
[Result "1-0"]
[WhiteElo "2390"]
[BlackElo "2522"]
[TimeControl "180+1"]
[EndTime "11:56:40 PST"]
[Termination "Eloist won by resignation"]

1. e4 c5 2. Nf3 Nc6 3. Bb5 g6 4.
Bxc6 dxc6 5. d3 Bg7 6. O-O Nf6 7.
Nc3 Bg4 8. h3 Bxf3 9. Qxf3 Nd7 10. Qe2 e5 11. f4 exf4 12. Bxf4 O-O 13. Qd2 Ne5 14. Rae1 Qd6 15. b3 Rad8 16. Kh1 Qe6 17. Bg5 Rd7 18. Bh6 Rfd8 19. Bxg7 Kxg7 20. Qf2 b6 21.
Nd1 a5 22. a4 Nxd3 23. cxd3 Rxd3 24. Ne3 Rxb3 25. Qh4 Rdd3 26. Nf5+ gxf5 27. exf5 Qf6 28. Qg4+ Kf8 29. Qf4 h6 30. Re5 Qg5 31. Qh2 Rbc3 32.
Rfe1 Rc1 33. Re8+ Kg7 34. Qe5+ Qf6 35. Qxf6+ Kxf6 36. Rxc1 Rd4 37. Rb1 Rb4 38. Rxb4 cxb4 39. Rb8 b5 40. axb5 c5 41. b6 b3 42. Rd8 b2 43. Rd1 c4 44. b7 c3 45. b8=Q c2 46.
Qxb2+ 1-0

[Event "*** Titled Tuesday Blitz"]
[Site "Chess.com"]
[Date "2021.02.02"]
[Round "10"]
[White "carlocapau"]
[Black "SergeyShtyka"]
[Result "0-1"]
[WhiteElo "2312"]
[BlackElo "2465"]
[TimeControl "180+1"]
[EndTime "11:56:40 PST"]
[Termination "SergeyShtyka won by resignation"]

1. d4 c5 2. d5 e5 3. e4 d6 4. Be2 Be7 5. Nf3 Nf6 6. Nc3 Bg4 7. Nd2 Bxe2 8. Qxe2 O-O 9. O-O Nbd7 10. a4 Ne8 11. b3 Bg5 12. Nc4 Bxc1 13. Rfxc1 Qe7 14. Rcb1 g6 15. a5 f5 16. b4 cxb4 17. Rxb4 Nc5 18. exf5 gxf5 19. Na4 Nxa4 20. Raxa4 Nf6 21.
Ne3 Ne4 22. Nxf5 Rxf5 23. Rxe4 Raf8 24. f3 Kh8 25. Rab4 Qf7 26. c4 Rg8 27. Kh1 Qc7 28. Rb5 Rfg5 29. g4 R5g7 30. Qb2 h5 31. h3 hxg4 32.
hxg4 Qe7 33. Kg2 Rh7 34. Qf2 Qg5 35. c5 Rg6 36. cxd6 Rgh6 37. Kf1 Rh2 38. Qe3 Qh4 39. d7 Rh1+ 40. Ke2 Re1+ 41. Kd2 Rxe3 42. Kxe3 Qe1+ 43. Kd3 Qd1+ 44. Kc4 Qc2+ 45. Kb4 Rxd7 46. Rc5 Qd2+ 47. Kc4 Qc1+ 48. Kb5 Qb2+ 49. Kc4 Kg7 50.
f4 exf4 51. Rxf4 Qc1+ 0-1

[Event "*** Titled Tuesday Blitz"]
[Site "Chess.com"]
[Date "2021.02.02"]
[Round "10"]
[White "Happy1712Drummer"]
[Black "ailime26"]
[Result "1-0"]
[WhiteElo "2345"]
[BlackElo "2095"]
[TimeControl "180+1"]
[EndTime "11:56:41 PST"]
[Termination "Happy1712Drummer won on time"]

1. Nf3 d5 2. e3 Nf6 3. c4 e6 4. b3 Be7 5. Bb2 O-O 6. Qc2 b6 7. cxd5 exd5 8. Ne5 Bb7 9. f4 c5 10. d4 Ne4 11. Nd2 Bh4+ 12. g3 Bf6 13. Nxe4 dxe4 14.
Bg2 Bxe5 15. dxe5 Qd5 16. Rd1 Qc6 17. Rd6 Qb5 18. a4 Qb4+ 19. Bc3 Qa3 20. O-O c4 21. bxc4 Na6 22. Rfd1 Nc5 23. Bd4 Ba6 24. a5 Qxa5 25. Ra1 Qb4 26. Bxc5 Qxc5 27. Rxa6 Qxe3+ 28. Qf2 Qc1+ 29. Bf1 e3 30. Qe2 Rfd8 31. Kg2 g6 32. c5 bxc5 33. Rac6 Rab8 34. Kh3 Rxd6 35. exd6 Rb2 36. Qc4 Qe1 37. Rc8+ Kg7 38. Rc7 1-0